Map: 宿怨战场-天梯版

Players

Has - Winner!

  • Race: Protoss Protoss

Drager

  • Race: Protoss Protoss
  • League: Diamond

Event: WESG 2018 Grand Finals

VOD

Have the link to the VOD?

Description

Time

  • Played on: March 11, 2019, 6:37 p.m.
  • Length: 7:41

All games in this series

Show
View Real Time Build Order
Export as new Build Order

Has Protoss - Winner!

Build Orders:  

Get SALT Encoding   

  12  0:00  Probe  
  13  0:13  Probe  
  14  0:17  Pylon  
  14  0:24  Probe  
  15  0:32  Probe  
  15  0:38  Forge  
  15  0:40  Probe  
  17  0:52  Probe  
  18  1:02  Pylon  
  18  1:03  Pylon  
  18  1:20  Pylon x2  
  18  1:22  Pylon  
  18  1:38  Photon Cannon  
  18  1:40  Photon Cannon  
  18  1:48  Pylon  
  18  2:00  Probe  
  17  2:07  Gateway  
  18  2:08  Probe  
  19  2:16  Pylon  
  19  2:20  Probe  
  19  2:21  Pylon  
  19  2:28  Probe  
  20  2:31  Assimilator  
  21  2:42  Assimilator  
  22  2:45  Photon Cannon  
  22  2:53  Pylon  
  22  2:56  Probe  
  22  3:03  Cybernetics Core  
  22  3:08  Probe  
  23  3:21  Probe, Warp Gate  
  24  3:33  Probe  
  25  3:39  Stalker  
  26  3:45  Probe  
  26  3:46  Pylon  
  27  3:55  Gateway  
  27  3:57  Robotics Facility  
  27  4:05  Gateway  
  27  4:09  Stalker  
  29  4:10  Gateway  
  29  4:23  Pylon  
  27  4:35  Shield Battery  
  27  4:42  Stalker  
  31  4:48  Warp Prism  
  31  4:54  Pylon  
  31  5:11  Stalker x2  
  31  5:13  Stalker  
  37  5:23  Pylon  
  37  5:25  Stalker  
  39  5:37  Observer  
  40  5:51  Stalker x3  
  40  5:53  Sentry  
  48  6:01  Pylon  
  42  6:22  Stalker x3  
  48  6:27  Zealot  
  46  6:48  Stalker x3  
  44  7:20  Stalker x4  
Show
View Real Time Build Order
Export as new Build Order

Drager Protoss 

Build Orders:  

Get SALT Encoding   

  12  0:00  Probe  
  13  0:13  Probe  
  14  0:17  Pylon  
  14  0:23  Probe  
  15  0:31  Probe  
  15  0:37  Gateway  
  15  0:40  Probe  
  16  0:46  Assimilator  
  17  0:51  Probe  
  17  0:55  Assimilator  
  18  1:03  Probe  
  19  1:17  Zealot  
  21  1:43  Zealot  
  23  2:11  Probe  
  22  2:22  Cybernetics Core  
  22  2:28  Assimilator  
  21  2:40  Probe  
  21  2:52  Probe  
  22  3:02  Pylon  
  22  3:05  Stalker  
  22  3:17  Probe  
  23  3:24  Pylon  
  23  3:29  Probe  
  23  3:32  Warp Gate  
  23  3:33  Stalker  
  26  3:41  Probe  
  27  3:51  Robotics Facility  
  27  3:53  Probe  
  28  4:05  Stalker  
  30  4:27  Probe  
  30  4:29  Gateway  
  30  4:30  Gateway  
  29  4:39  Observer  
  30  4:52  Immortal  
  30  4:53  Pylon  
  32  5:15  Nexus  
  32  5:23  Sentry x2  
  36  5:29  Stalker  
  36  5:32  Probe  
  39  5:40  Shield Battery  
  39  5:50  Pylon  
  39  6:03  Stalker x2  
  39  6:11  Stalker  
  39  6:19  Immortal  
  39  6:30  Sentry  
  43  6:41  Zealot  
  43  6:46  Stalker  
  39  6:54  Stalker  
  37  7:04  Stalker  
  37  7:09  Zealot  
  32  7:22  Stalker  
  32  7:27  Stalker  
  34  7:36  Zealot  
Tags
 
Add a new tag
Caveats
  • Supply blocks, unpowered buildings, or Contaminate may cause inaccurate times.
  • Supply counts are checked every 10 seconds.